Map: Deathaura LE

Players

RAGNAROK (SHIN) - Winner!

  • Race: Zerg Zerg
  • League: Grandmaster
  • Spawn Location: 5:00

TYTY (TY)

  • Race: Terran Terran
  • League: Grandmaster
  • Spawn Location: 11:00

Event: TSL 6

VOD

Have the link to the VOD?

Description

Time

  • Played on: Dec. 13, 2020, 9:32 a.m.
  • Length: 1:29

All games in this series

Show
View Real Time Build Order
Export as new Build Order

RAGNAROK Zerg - Winner!

Build Orders: Hatch First 

Get SALT Encoding   

  12  0:00  Drone  
  13  0:12  Overlord  
  13  0:16  Drone  
  14  0:30  Drone x2  
  16  0:47  Hatchery  
  15  0:50  Drone  
  17  1:09  Spawning Pool  
  15  1:15  Drone  
Show
View Real Time Build Order
Export as new Build Order

TYTY Terran 

Build Orders:  

Get SALT Encoding   

  12  0:00  SCV  
  13  0:12  SCV  
  14  0:19  Supply Depot  
  14  0:24  SCV  
  15  0:41  Barracks  
  15  0:50  Barracks  
  15  0:54  SCV  
  16  1:06  SCV  
Tags
 
Add a new tag
Caveats
  • Supply blocks, unpowered buildings, or Contaminate may cause inaccurate times.
  • Supply counts are checked every 10 seconds.